 Dungeon Crawl Stone Soup version 0.14-a0-1739-g6c2808e (webtiles) character file.

140 Mitsuki the Covered (level 5, 0/37 HPs)
             Began as a Formicid Fighter on Jan 3, 2014.
             Succumbed to Crazy Yiuf's poison
             ... on Level 2 of the Dungeon.
             The game lasted 00:05:17 (1196 turns).

Mitsuki the Covered (Formicid Fighter)              Turns: 1196, Time: 00:05:18

HP   0/37        AC 13     Str 22      XL: 5   Next:  5%
MP   5/5         EV  5     Int  7      God:
Gold 55          SH 19     Dex 10      Spells:  0 memorised,  4 levels left

rFire  . . .     SeeInvis +     a - +0 trident
rCold  . . .     Clarity  .     j - +0 chain mail
rNeg   . . .     Conserve +     c - +0 shield
rPois  x         rCorr    +     (helmet unavailable)
rElec  .         rRot     .     b - +2 cloak {rCorr, Cons}
SustAb . .       Spirit   .     (no gloves)
rMut   .         Warding  .     (no boots)
Saprov . . .     Stasis   +     (no amulet)
                                (no ring)
                                (no ring)

@: mildly poisoned, drained, slightly resistant to hostile enchantments,
extremely unstealthy
A: permanent stasis, dig shafts and tunnels, four strong arms, poison weakness,
antennae 3, exoskeleton 1
a: Dig, Shaft Self


You were on level 2 of the Dungeon.
You were not hungry.

You visited 1 branch of the dungeon, and saw 2 of its levels.

You collected 55 gold pieces.

Inventory:

Hand weapons
 a - a +0,+0 trident (weapon)
Armour
 b - a +2 cloak of preservation (worn)
 c - a +0 shield (worn)
 j - a +0 chain mail (worn)
Comestibles
 d - a bread ration
 f - 2 meat rations
 h - an orange
 k - a choko
 n - a chunk of giant gecko flesh
Scrolls
 e - a scroll of identify {unknown}
 g - a scroll of remove curse {unknown}
 i - a scroll of enchant weapon I {unknown}
 l - a scroll of recharging {unknown}


   Skills:
 + Level 3.5(3.3) Fighting
 + Level 2.6(2.5) Polearms
 + Level 4.4(4.2) Armour
 + Level 3.7(3.5) Shields


You had 4 spell levels left.
You didn't know any spells.

Dungeon Overview and Level Annotations

Branches:
Dungeon (2/16)

Altars:


Innate Abilities, Weirdness & Mutations

Your are under a permanent stasis effect.
You can dig through walls and to a lower floor.
Your four strong arms can wield any weapon, most with a shield.
You are susceptible to poison.
You have a pair of large antennae on your head (SInv).
Your body is surrounded by an exoskeleton. (HP +5, AC +1)


Message History

You start resting.
You float gracefully downwards.
* * * LOW HITPOINT WARNING * * *
You feel sick.
You start resting.
* * * LOW HITPOINT WARNING * * *
You feel sick.
You start resting.
* * * LOW HITPOINT WARNING * * *
You feel sick.
You start resting.
* * * LOW HITPOINT WARNING * * *
You feel sick.
You start resting.
* * * LOW HITPOINT WARNING * * *
You feel sick.
You start resting.
* * * LOW HITPOINT WARNING * * *
You feel sick.
You start resting.
You die...

....#.#.##.####....#
##..# ...##(#....#
#....## #
..###(####.#
♣♣Pf.f♣♣ '##
#.(..(.# ♣♣♣...♣♣ .#
######.# ♣♣♣.♣♣♣ .#
#.# ♣♣♣♣.♣♣ .######
#.# ♣♣♣.♣♣♣ #
......####.# ♣♣♣.♣♣♣
##### ...##.##...#
♣♣@♣♣♣ ......
..###.##.#.# ##.##♣
#.... <## #......#
#...# #.... .#
####.### #...# #....
.# #... #)..# #....
.# ##### ##### #..%>
.# ##### .# #
.######## ####


There were no monsters in sight!

Vanquished Creatures
  Crazy Yiuf (D:2)
  2 adders (D:2)
  A giant mite (D:2)
  2 giant geckos
  5 hobgoblins
  9 jackals
  A giant newt (D:1)
  4 goblins
  4 kobolds (D:2)
  4 rats
33 creatures vanquished.

Notes
Turn   | Place    | Note
--------------------------------------------------------------
     0 | D:1      | Mitsuki, the Formicid Fighter, began the quest for the Orb.
     0 | D:1      | Reached XP level 1. HP: 19/19 MP: 1/1
    55 | D:1      | Reached XP level 2. HP: 18/24 MP: 2/2
   600 | D:2      | Reached XP level 3. HP: 22/28 MP: 3/3
   689 | D:2      | Reached skill level 4 in Armour
   860 | D:2      | Reached XP level 4. HP: 30/33 MP: 4/4
  1161 | D:2      | Noticed Crazy Yiuf
  1176 | D:2      | Killed Crazy Yiuf
  1176 | D:2      | Reached XP level 5. HP: 12/37 MP: 5/5
  1185 | D:2      | Identified a +2 cloak of preservation (You took it off Crazy Yiuf on level 2 of the Dungeon)
  1195 | D:2      | HP: 1/37 [poisoned by Crazy Yiuf]
  1196 | D:2      | Succumbed to Crazy Yiuf's poison

Action                   |  1- 3 |  4- 6 || total
-------------------------+-------+-------++-------
Melee: Trident           |    75 |    43 ||   118
  Use: Potion            |     3 |     2 ||     5
